 Dungeon Crawl Stone Soup version 0.31-a0-1009-g454b1f1e0a (webtiles) character file.

Game seed: 10347800638215879829

8 kae the Vexing (level 2, -4/19 HPs)
             Began as a Demonspawn Enchanter on Nov 13, 2023.
             Slain by a hobgoblin (5 damage)
             ... on level 1 of the Dungeon.
             The game lasted 00:00:16 (185 turns).

kae the Vexing (Demonspawn Enchanter)                Turns: 185, Time: 00:00:16

Health: -4/19      AC:  2    Str:  8    XL:     2   Next: 0%
Magic:  5/5        EV: 12    Int: 16    God:
Gold:   0          SH:  0    Dex: 13    Spells: 5/5 levels left

rFire   . . .        a - +1 dagger
rCold   . . .        (no shield)
rNeg    . . .        b - +0 robe
rPois   .            (no helmet)
rElec   .            (no cloak)
rCorr   .            (no gloves)
SInv    .            (no boots)
Will    .....        (no amulet)
Stlth   ++           (no ring)
HPRegen 0.23/turn    (no ring)
MPRegen 0.09/turn

%: no passive effects
@: no status effects
A: weakness stinger 1
a: no special abilities


You were on level 1 of the Dungeon.
You visited 1 branch of the dungeon, and saw 1 of its levels.


Innate Abilities, Weirdness & Mutations

You have a small tail.


   Skills:
 * Level 1.2 Short Blades
 - Level 1.7 Dodging
 + Level 2.8 Stealth
 + Level 2.1 Spellcasting
 * Level 3.2 Hexes


You had 5 spell levels left.
You didn't know any spells.
Your spell library contained the following spells:

 Spells                   Type           Power      Damage    Failure   Level
 Ensorcelled Hibernation  Hex/Ice        12%        N/A       16%         2
 Confusing Touch          Hex            12%        N/A       16%         3
 Tukima's Dance           Hex            12%        N/A       16%         3
 Dazzling Flash           Conj/Hex       12%        N/A       32%         3

Inventory:

Hand Weapons
 a - a +1 dagger (weapon)
Armour
 b - a +0 robe (worn)
Potions
 c - 2 potions of invisibility

Dungeon Overview and Level Annotations

Branches:
Dungeon (1/15) Zot: 5815

Altars:

''##P.#
........
...#.♣P ......
..P#####
.g...# .......
#..[.# ♣...P♣.
#.... ....♣..
...######
♣...).♣P
#........
.P.....
#.#####
....##.
#.)g@.# ......
######.#
######
#......# #
#.######
###### #.#
....... #.#
############.#
.............#
##############


You could see a hobgoblin.


Message History

You hit the bat. The bat barely misses you.
The kobold hits you with a +0 short sword. 😮 HP[-2]
You take 2 damage, and now have 9/13 hp.
There are monsters nearby!
You are too injured to fight recklessly!
You are too injured to fight recklessly!
Unknown command.
The kobold attacks as it pursues you!
The kobold hits you with a +0 short sword. 😮 HP[-1]
You take 1 damage, and now have 8/13 hp.
You completely miss the kobold. You punch the kobold, but do no damage.
The kobold hits you with a +0 short sword.
You hit the kobold. The kobold hits you but does no damage.
Unknown command.
You hit the kobold but do no damage. The kobold misses you.
You miss the kobold. The kobold barely misses you.
Unknown command.
You hit the kobold.
You kill the kobold!
You closely miss the rat. You punch the rat.
The rat closely misses you. 😮 HP[+1]
You hit the rat.
You kill the rat!
The bat hits you but does no damage.
You hit the bat. The bat hits you but does no damage.
The bat barely misses you.
Unknown command.
You hit the ball python.
You kill the ball python!
The bat hits you but does no damage. The bat barely misses you.
You hit the bat but do no damage. The bat barely misses you.
The bat misses you. The goblin hits you but does no damage.
Items here: )) †††. 😕 HP[+1]
You closely miss the goblin. The goblin closely misses you.
The bat closely misses you.
You hit the goblin. The bat hits you. The goblin closely misses you. 😮 HP[-1]
You take 1 damage, and now have 9/13 hp.
The bat closely misses you.
A hobgoblin comes into view.
The goblin closely misses you.
You closely miss the goblin.
The hobgoblin shouts!
The bat hits you.
The goblin hits you with a +0 dagger. 😮 HP[-2]
You take 2 damage, and now have 7/13 hp.
The bat hits you.
* * * LOW HITPOINT WARNING * * *
The bat barely misses you. The goblin barely misses you.
Items here: )) †††. 😨 HP[-1]
You take 1 damage, and now have 6/13 hp.
The bat hits you but does no damage. The bat hits you but does no damage.
You miss the bat. The bat misses you.
You closely miss the bat. The bat hits you.
* * * LOW HITPOINT WARNING * * *
The bat misses you.
You closely miss the bat. The bat closely misses you. The bat hits you.
* * * LOW HITPOINT WARNING * * *
😨 HP[-1]
You take 1 damage, and now have 5/13 hp.
You closely miss the bat. The bat completely misses you.
The bat hits you but does no damage.
You barely miss the bat. The bat misses you.
The bat hits you but does no damage.
You hit the bat. The bat closely misses you.
The bat hits you but does no damage.
You hit the bat.
You kill the bat! 😨 HP[+1]
You closely miss the goblin. The goblin closely misses you.
You miss the goblin. The goblin hits you with a +0 dagger.
* * * LOW HITPOINT WARNING * * *
😱 HP[-3]
You take 3 damage, and now have 3/13 hp.
MASSIVE DAMAGE!! (PAUSE)
You hit the goblin. The goblin misses you.
You hit the goblin.
You kill the goblin!
You have reached level 2!
Your demonic ancestry asserts itself...
You grow a small tail. 😨 HP[+2] MP[+2]
You now have 19 max hp (+6).
You regained 2 hp, and now have 5/19 hp.
Your mp is fully restored (5).
You hit the hobgoblin.
Your tail-slap misses the hobgoblin.
The hobgoblin hits you.
* * * LOW HITPOINT WARNING * * *
😱 HP[-4]
You take 4 damage, and now have 1/19 hp.
MASSIVE DAMAGE!! (PAUSE)
You hit the hobgoblin. The hobgoblin barely misses you.
You hit the hobgoblin but do no damage.
Your tail-slap misses the hobgoblin.
The hobgoblin hits you.
You die...

Skill      XL: |  1 |
---------------+----+-----
Short Blades   | 1 |  1.2
Dodging        | |  1.7
Stealth        | |  2.8
Spellcasting   | |  2.1
Hexes          | |  3.2

Action                     || total
---------------------------++-------
  Melee: Dagger            ||    39
         Punch             ||     2
   Stab: Sleeping          ||     1
 Armour: Robe              ||    27
  Dodge: Dodged            ||    32

Levels and vault maps discovered:
D:1:      denvon_arrival_planthouse, layout_basic

Notes
Turn   | Place    | Note
-------+----------+-------------------------------------------
     0 | D:1      | kae the Demonspawn Enchanter began the quest for the Orb.
     0 | D:1      | Reached XP level 1. HP: 13/13 MP: 3/3
     0 | D:1      | magus.rc [v1.11.3]
   148 | D:1      | Reached skill level 1 in Short Blades
   180 | D:1      | HP: 3/13 [goblin/+0 dagger (3)]
   183 | D:1      | Gained mutation: You have a small tail. [demonic ancestry]
   183 | D:1      | Reached XP level 2. HP: 5/19 MP: 5/5
   183 | D:1      | HP: 1/19 [hobgoblin (5)]
   185 | D:1      | Slain by a hobgoblin

Vanquished Creatures
  A bat (D:1)
  2 goblins (D:1)
  A kobold (D:1)
  A quokka (D:1)
  A ball python (D:1)
  A rat (D:1)
7 creatures vanquished.

Table legend:
 A = Non-vault XP
 B = Vault XP
 C = Vault XP percentage of total XP
 D = Non-vault monster count
 E = Vault monster count
 F = Vault count percentage of total count
                 A         B        C        D         E       F
            +---------+---------+-------+---------+---------+-------
      Total |      12 |       0 |   0.0 |       7 |       0 |   0.0
            +---------+---------+-------+---------+---------+-------
        D:1 |      12 |       0 |   0.0 |       7 |       0 |   0.0
            +---------+---------+-------+---------+---------+-------

Skill      XL: |  1 |
---------------+----+-----
Short Blades   | 1 |  1.2
Dodging        | |  1.7
Stealth        | |  2.8
Spellcasting   | |  2.1
Hexes          | |  3.2

Action                     || total
---------------------------++-------
  Melee: Dagger            ||    39
         Punch             ||     2
   Stab: Sleeping          ||     1
 Armour: Robe              ||    27
  Dodge: Dodged            ||    32

Illustrated notes

Table legend:
 A = Kills in this place as a percentage of kills in the entire game.
 B = Kills by you in this place as a percentage of kills by you in the entire game.
 C = Kills by friends in this place as a percentage of kills by friends in the entire game.
 D = Other kills in this place as a percentage of other kills in the entire game.
 E = Experience gained in this place as a percentage of experience gained in the entire game.
 F = Experience gained in this place divided by the number of levels of this place that you have seen.
                   A       B       C       D       E      F
               +-------+-------+-------+-------+-------+----------------------
         Total | 100.0 | 100.0 |   N/A |   N/A | 100.0 |  12.0
       Dungeon | 100.0 | 100.0 |   N/A |   N/A | 100.0 |  12.0
               +-------+-------+-------+-------+-------+----------------------

Table legend: (Time is in decaauts)
 A = Elapsed time spent in this place.
 B = Non-inter-level travel time spent in this place.
 C = Inter-level travel time spent in this place.
 D = Time resting spent in this place.
 E = Time spent auto-exploring this place.
 F = Levels seen in this place.
 G = Mean time per level.
                   A        B        C        D        E       F      G
               +--------+--------+--------+--------+--------+-----+--------+
         Total |    183 |    183 |      0 |      0 |    131 |   1 |  183.0 |
       Dungeon |    183 |    183 |      0 |      0 |    131 |   1 |  183.0 |
               +--------+--------+--------+--------+--------+-----+--------+

Top non-repeatable levels by time:
     D:1: 183 daAuts
